 Dungeon Crawl Stone Soup version 0.31-a0-1338-gb567cfdca4 (webtiles) character file.

Game seed: 4304682662587628708

55 bmb222 the Trooper (level 3, -1/40 HPs)
             Began as an Oni Delver on Dec 22, 2023.
             Slain by a sleepcap (5 damage)
             ... on level 4 of the Dungeon.
             The game lasted 00:00:36 (116 turns).

bmb222 the Trooper (Oni Delver)                      Turns: 116, Time: 00:00:37

Health: -1/40      AC:  3    Str: 18    XL:     3   Next: 93%
Magic:  3/3        EV: 10    Int: 11    God:
Gold:   15         SH:  0    Dex: 10    Spells: 2/2 levels left

rFire   . . .        h - +0 morningstar
rCold   . . .        (no shield)
rNeg    . . .        b - +0 robe
rPois   .            (helmet restricted)
rElec   .            (no cloak)
rCorr   .            (gloves unavailable)
SInv    .            (boots unavailable)
Will    .....        (no amulet)
Stlth   ++           (no ring)
HPRegen 0.26/turn    (no ring)
MPRegen 0.08/turn

%: no passive effects
@: no status effects
A: drunken brawling, large, unfitting armour, horns 1, tough skin 1, double
potion healing
a: no special abilities


You were on level 4 of the Dungeon.
You visited 1 branch of the dungeon, and saw 2 of its levels.

You collected 15 gold pieces.

Inventory:

Hand Weapons
 a - a +0 mace
 h - a +0 morningstar (weapon)
Armour
 b - a +0 robe (worn)
Wands
 g - a wand of digging (3)
Scrolls
 c - a scroll of fog
 d - a scroll of revelation
 e - a scroll of fear
Potions
 f - a potion of haste


   Skills:
 + Level 4.6 Fighting
 + Level 2.6 Maces & Flails
 + Level 2.3 Dodging
 + Level 4.0 Stealth


You had 2 spell levels left.
You didn't know any spells.
Your spell library was empty.

Dungeon Overview and Level Annotations

Branches:
Dungeon (5/15)
 Temple: D:4-7

Altars:


Innate Abilities, Weirdness & Mutations

Whenever you drink a potion that restores your health or magic, you attack all enemies around you.
You are too large for most types of armour.
You have a pair of small horns on your head.
You have tough skin. (AC +1)
Whenever you drink a potion that restores your health or magic, it restores twice as much.


Message History

The adder misses you. The adder closely misses you.
You barely miss the adder. The adder barely misses you.
You sock the adder!
The adder is almost dead.
The adder bites you but does no damage. The adder bites you.
* * * LOW HITPOINT WARNING * * *
You closely miss the adder.
The adder is almost dead.
The adder bites you.
* * * LOW HITPOINT WARNING * * *
A sleepcap comes into view.
The adder misses you.
You hit the adder but do no damage.
The adder is almost dead.
The adder closely misses you. The adder barely misses you.
You closely miss the adder.
The adder is almost dead.
The adder bites you but does no damage. The adder misses you.
You barely miss the adder. You headbutt the adder.
You kill the adder!
The sleepcap releases spores at you but does no damage.
Unknown command.
You hit the sleepcap but do no damage. The sleepcap releases spores at you.
* * * LOW HITPOINT WARNING * * *
You puncture the sleepcap!
The sleepcap is moderately damaged.
The sleepcap barely misses you. The sleepcap releases spores at you.
* * * LOW HITPOINT WARNING * * *
You hit the sleepcap but do no damage.
You headbutt the sleepcap, but do no damage.
The sleepcap is moderately damaged.
The sleepcap barely misses you.
You hit the sleepcap. You headbutt the sleepcap!
The sleepcap is severely damaged.
The sleepcap releases spores at you.
* * * LOW HITPOINT WARNING * * *
You hit the sleepcap.
The sleepcap is almost destroyed.
The sleepcap releases spores at you.
You die...

.......... .. #.........
... #.........
......#.........
..###....##.........
............... ..
#..........?.##.#
#.........f.....#####
#..#.#.....@..........
..##...#.:.)............# #
#.........))####.......#
..#.##.....#....#........#
#.......#................#
#.##.#.w####...S.........##
#..........................
##.#......................#
#....#####..............


You could see a sleepcap.

Vanquished Creatures
  An orc priest (D:4)
  2 adders (D:4)
  4 orcs
7 creatures vanquished.

Notes
Turn   | Place    | Note
-------+----------+-------------------------------------------
     0 | D:5      | bmb222 the Oni Delver began the quest for the Orb.
     0 | D:5      | Reached XP level 1. HP: 24/24 MP: 1/1
    34 | D:5      | Noticed a wyvern
    39 | D:5      | Noticed a scorpion
    58 | D:4      | Noticed an orc priest
    64 | D:4      | Killed an orc priest
    65 | D:4      | Reached XP level 2. HP: 13/33 MP: 2/2
    65 | D:4      | Reached XP level 3. HP: 16/40 MP: 3/3
   116 | D:4      | Slain by a sleepcap

Illustrated notes

Levels and vault maps discovered:
D:4:      layout_basic
D:5:      layout_basic, nicolae_overflow_crystal_walls, serial_glass,
          glass_columns_a, glass_columns_a

Skill      XL: |  1  2  3 |
---------------+----------+-----
Dodging        | 2 |  2.3
Stealth        | 4 |  4.0
Fighting       | |  4.6
Maces & Flails | |  2.6

Action                     || total
---------------------------++-------
  Melee: Morningstar       ||    21
         Mace              ||     3
         Headbutt          ||     5
         Punch             ||     1
   Stab: Sleeping          ||     1
 Armour: Robe              ||    20
  Dodge: Dodged            ||    13

Table legend: (Time is in decaauts)
 A = Elapsed time spent in this place.
 B = Non-inter-level travel time spent in this place.
 C = Inter-level travel time spent in this place.
 D = Time resting spent in this place.
 E = Time spent auto-exploring this place.
 F = Levels seen in this place.
 G = Mean time per level.
                   A        B        C        D        E       F      G
               +--------+--------+--------+--------+--------+-----+--------+
         Total |    123 |    123 |      0 |      0 |     19 |   2 |   61.5 |
       Dungeon |    123 |    123 |      0 |      0 |     19 |   2 |   61.5 |
               +--------+--------+--------+--------+--------+-----+--------+

Top non-repeatable levels by time:
     D:4: 81 daAuts
     D:5: 42 daAuts
